 Dungeon Crawl Stone Soup version 0.25.1-2-g60ff931df9 (webtiles) character file.

Game seed: 13963037690655725172

104 Kamikaze the Shield-Bearer (level 4, -1/29 HPs)
             Began as a Gargoyle Fighter on Nov 6, 2020.
             Killed by nerve-wracking pain
             ... invoked by Grinder
              (2 damage)
             ... on level 3 of the Dungeon.
             The game lasted 00:05:03 (2574 turns).

Kamikaze the Shield-Bearer (Gargoyle Fighter)       Turns: 2574, Time: 00:05:04

Health: -1/29      AC: 13    Str: 20    XL:     4   Next: 80%
Magic:  4/4        EV:  7    Int:  8    God:
Gold:   120        SH:  9    Dex: 10    Spells: 3/3 levels left

rFire    . . .     SeeInvis .   g - +0 flail (holy)
rCold    . . .     Gourm    .   c - +0 kite shield
rNeg     + . .     Faith    .   b - +0 scale mail
rPois    ∞         Spirit   .   e - +2 helmet
rElec    +         Reflect  .   (no cloak)
rCorr    .         Harm     .   (no gloves)
MR       .....                  (no boots)
Stlth    ..........             (no amulet)
HPRegen  0.09/turn              (no ring)
MPRegen  0.09/turn              (no ring)

@: no status effects
A: negative energy resistance 1, electricity resistance, unbreathing,
petrification resistance, rot immunity, AC +3
a: no special abilities


You were on level 3 of the Dungeon.
You were hungry.

You visited 1 branch of the dungeon, and saw 3 of its levels.

You collected 120 gold pieces.

Inventory:

Hand Weapons
 a - a +0 flail
 g - a +0 flail of holy wrath (weapon)
Armour
 b - a +0 scale mail (worn)
 c - a +0 kite shield (worn)
 e - a +2 helmet (worn)
Jewellery
 h - an uncursed amulet of the acrobat {unknown}
Wands
 o - a wand of polymorph (6)
Scrolls
 i - a scroll of remove curse {unknown}
 k - a scroll of enchant weapon {unknown}
 l - a scroll of teleportation {unknown}
 m - 2 scrolls of identify {unknown}
Potions
 d - 3 potions of might
 j - a potion of invisibility {unknown}
 n - a potion of mutation {unknown}
Comestibles
 f - a ration
 p - a chunk of flesh


   Skills:
 + Level 3.8 Fighting
 + Level 3.0 Maces & Flails
 + Level 4.0 Armour
 + Level 0.5 Dodging
 + Level 4.1 Shields


You had 3 spell levels left.
You didn't know any spells.
Your spell library was empty.

Dungeon Overview and Level Annotations

Branches:
Dungeon (3/15)

Altars:
Cheibriados
Dithmenos
Elyvilon
Xom

Annotations:
D:3 Grinder


Innate Abilities, Weirdness & Mutations

You are resistant to torment.
Your stone body is resilient. (AC +3)
You are immune to poison.
You resist negative energy. (rN+)
You are resistant to electric shocks. (rElec)
You can survive without breathing.
You are immune to petrification.
You are immune to rotting.


Message History

You block the kobold's attack.
You sock the kobold!
You kill the kobold!
Grinder gestures at you. Pain shoots through your body!
* * * LOW HITPOINT WARNING * * *
Grinder says, "Just stop there for a second..."
Things that are here:
a +0 club; a poisoned dart; 22 bolts Grinder barely misses you.
You see here a poisoned dart.
You closely miss Grinder.
Grinder is almost dead.
Grinder hits you!
* * * LOW HITPOINT WARNING * * *
You closely miss Grinder.
Grinder is almost dead.
Grinder gestures at you. Pain shoots through your body!
You die...

#.###.. .......
....... .......
.......#######
....)..#.....# #
.......#.###.##.#####
#..))))@5.......
####+#.###.##.#####
#......# #.# #
#......###.#
#.......##.#
#.....#.##.#
#.....#.#...
#.....#.####
####.##.#


You could see Grinder.

Vanquished Creatures
  An adder (D:2)
  2 oozes (D:1)
  3 dart slugs (D:1)
  A leopard gecko (D:3)
  5 orcs (D:3)
  8 bats
  3 giant cockroaches
  4 goblins
  7 hobgoblins
  11 jackals (D:1)
  9 kobolds
  A quokka (D:2)
  2 ball pythons
  A ball python skeleton (D:2)
  4 frilled lizards
  A leopard gecko skeleton (D:3)
  6 rats
69 creatures vanquished.

Notes
Turn   | Place    | Note
-------+----------+-------------------------------------------
     0 | D:1      | Kamikaze the Gargoyle Fighter began the quest for the Orb.
     0 | D:1      | Reached XP level 1. HP: 14/14 MP: 1/1
   127 | D:1      | Reached XP level 2. HP: 7/19 MP: 2/2
   632 | D:1      | Reached XP level 3. HP: 22/24 MP: 3/3
  1553 | D:2      | Reached XP level 4. HP: 28/29 MP: 4/4
  1903 | D:2      | Found a shadowy altar of Dithmenos.
  2275 | D:2      | Found a snail-covered altar of Cheibriados.
  2275 | D:2      | Found a shimmering altar of Xom.
  2276 | D:2      | Found a white marble altar of Elyvilon.
  2485 | D:3      | Noticed Grinder
  2541 | D:3      | Paralysed by Grinder for 4 turns
  2573 | D:3      | HP: 1/29 [Grinder (7)]
  2574 | D:3      | Killed from afar by Grinder

Illustrated notes

Levels and vault maps discovered:
D:1:      sevenhm_arrival_forest_fort_small_1, layout_basic, corner_web_ring
D:2:      layout_basic, lemuel_round_altar, gammafunk_temple_overflow_claw
D:3:      layout_basic, first_ration, uniq_grinder, uniq_robin

Skill      XL: |  1  2  3  4 |
---------------+-------------+-----
Armour         | 4 |  4.0
Shields        | 4 |  4.1
Maces & Flails | 3 |  3.0
Fighting       | |  3.8
Dodging        | |  0.5

Action                   |  1- 3 |  4- 6 || total
-------------------------+-------+-------++-------
Melee: Flail             |   115 |   116 ||   231
  Eat: Chunk             |     2 |     3 ||     5
Armor: Scale mail        |   100 |    85 ||   185
Dodge: Dodged            |    59 |    62 ||   121
Block: Kite shield       |   113 |    95 ||   208
